 Dungeon Crawl Stone Soup version 0.21-a0-472-g223bcb9 (webtiles) character file.

147 slep the Slasher (level 5, -3/41 HPs)
             Began as a Demonspawn Monk on Nov 21, 2017.
             Slain by a phantom (8 damage)
             ... on level 4 of the Dungeon.
             The game lasted 00:10:33 (1613 turns).

slep the Slasher (Demonspawn Monk)                  Turns: 1613, Time: 00:10:33

Health: -3/41      AC:  9    Str: 11    XL:     5   Next: 7%
Magic:  5/5        EV: 11    Int: 10    God:
Gold:   79         SH:  4    Dex: 16    Spells: 4/4 levels left

rFire    . . .     SeeInvis .   a - +0 falchion
rCold    . . .     Gourm    .   t - +0 buckler
rNeg     . . .     Faith    .   y - +0 ring mail
rPois    .         Spirit   .   (helmet restricted)
rElec    .         Reflect  .   l - +0 cloak
rCorr    .         Harm     .   r - +2 pair of gloves
MR       .....                  (no boots)
Stlth    ++........             w - amulet of rage
HPRegen  0.13/turn              x - -2 ring of intelligence (curse)
MPRegen  0.09/turn              (no ring)

@: no status effects
A: antennae 1, demonic guardian 1
a: Evoke Berserk Rage


You were on level 4 of the Dungeon.
You were not hungry.

You visited 1 branch of the dungeon, and saw 4 of its levels.

You collected 79 gold pieces.

Inventory:

Hand Weapons
 a - a +0 falchion (weapon)
 m - a +1 dagger of speed
 z - a +1 hunting sling of velocity
 B - a +0 blowgun
Missiles
 k - 3 javelins (quivered)
 A - 7 poisoned needles
Armour
 b - a +0 robe
 l - a +0 cloak (worn)
 r - a +2 pair of gloves (worn)
 t - a +0 buckler (worn)
 y - a +0 ring mail (worn)
 D - a +0 pair of gloves
Jewellery
 s - an uncursed amulet of magic regeneration
 w - an amulet of rage (around neck)
 x - a cursed -2 ring of intelligence (left hand)
Scrolls
 d - 4 scrolls of identify {unknown}
 e - 2 scrolls of enchant weapon {unknown}
 h - 2 scrolls of remove curse {unknown}
 j - 2 scrolls of noise {unknown}
 p - 2 scrolls of amnesia {unknown}
 q - 2 scrolls of teleportation {unknown}
 u - a scroll of immolation {unknown}
 v - a scroll of magic mapping {unknown}
 C - 2 scrolls of enchant armour {unknown}
Potions
 f - 2 potions of haste {unknown}
 g - a potion of lignification {unknown}
 i - 3 potions of magic {unknown}
 o - 4 potions of curing {unknown}
 E - a potion of brilliance {unknown}
Comestibles
 c - 4 bread rations
 n - 3 meat rations


   Skills:
 + Level 3.5 Fighting
 + Level 3.8 Long Blades
 + Level 0.3 Throwing
 + Level 3.4 Dodging
 + Level 2.8 Stealth
 + Level 0.2 Shields


You had 4 spell levels left.
You didn't know any spells.

Dungeon Overview and Level Annotations

Branches:
Dungeon (4/15)
 Temple: D:4-7

Altars:


Innate Abilities, Weirdness & Mutations

You have a pair of small antennae on your head.
A weak demonic guardian rushes to your aid.


Message History

Your iron imp hits the phantom.
Throwing (i - inventory):
k - 4 javelins (quivered)
Press: ? - help, Shift-Dir - straight line, f/p - phantom
Aim: a phantom (almost destroyed)
You throw a javelin. The javelin hits the phantom.
The phantom is almost destroyed.
Your ring mail prevents you from hitting the phantom.
The phantom is almost destroyed.
You block the phantom's attack.
You hit the phantom.
The phantom is almost destroyed.
The phantom hits you but does no damage.
You hit the phantom but do no damage.
The phantom is almost destroyed.
Your iron imp disappears in a puff of smoke!
You block the phantom's attack.
You miss the phantom.
The phantom is almost destroyed.
The phantom hits you!
You die...

##..#####... ....
..##..# #.. #.##..#
#$.##.##..#
.####.........# ####
........#.#(..#.....
.../......§.......#
.####.#.#W#§.##.###
# #..<@..#
#.###.##.#
#.>.....#..
########.##.###
.........# ..
########## ##


You could see a phantom.

Vanquished Creatures
  A hound (D:4)
  4 adders (D:2)
  3 oozes
  A worm (D:2)
  A dart slug (D:1)
  A leopard gecko (D:3)
  A ball python (D:3)
  10 bats
  3 giant cockroaches
  4 hobgoblins
  8 kobolds
  2 quokkas
  4 frilled lizards
  10 goblins
  10 rats
63 creatures vanquished.

Notes
Turn   | Place    | Note
-------+----------+-------------------------------------------
     0 | D:1      | slep the Demonspawn Monk began the quest for the Orb.
     0 | D:1      | Reached XP level 1. HP: 18/18 MP: 1/1
    50 | D:1      | Gained mutation: You have a pair of small antennae on your head. [demonic ancestry]
    50 | D:1      | Reached XP level 2. HP: 21/24 MP: 2/2
   210 | D:1      | Gained mutation: A weak demonic guardian rushes to your aid. [demonic ancestry]
   210 | D:1      | Reached XP level 3. HP: 11/29 MP: 3/3
   652 | D:2      | Reached XP level 4. HP: 26/35 MP: 4/4
   943 | D:2      | Noticed a gnoll sergeant
  1522 | D:4      | Noticed a phantom
  1558 | D:4      | Reached XP level 5. HP: 20/41 MP: 5/5
  1613 | D:4      | Slain by a phantom

Vault maps used:
D:1:      scummos_arrival_checkerplants, minmay_octomino_e4
D:2:      first_bread, kennysheep_generic_room_5
D:4:      kennysheep_generic_room_11, uniq_natasha

Skill      XL: |  1  2  3 |
---------------+----------+-----
Long Blades    | 3 |  3.8
Dodging        | 3 |  3.4
Stealth        | 2 |  2.8
Fighting       | |  3.5
Throwing       | |  0.3
Shields        | |  0.2

Action                   |  1- 3 |  4- 6 || total
-------------------------+-------+-------++-------
Melee: Falchion          |    84 |   111 ||   195
Throw: Javelin           |     5 |     7 ||    12
 Stab: Sleeping          |     2 |     5 ||     7
  Eat: Chunk             |       |     3 ||     3
Armor: Robe              |    12 |     9 ||    21
       Ring mail         |       |    27 ||    27
Dodge: Dodged            |    54 |    77 ||   131
Block: Buckler           |       |    19 ||    19
       Rpst.: Falchion   |    18 |    21 ||    39

Table legend:
 A = Spawn XP
 B = Non-spawn XP
 C = Spawn XP percentage of total XP
 D = Spawn monster count
 E = Non-spawn monster count
 F = Spawn count percentage of total count
 G = Total turns spent on level
                    A         B        C        D         E        F      G
               +---------+---------+-------+---------+---------+-------+---------
         Total |       0 |     210 |   0.0 |       0 |      63 |   0.0 |  1613
               +---------+---------+-------+---------+---------+-------+---------
           D:1 |       0 |      55 |   0.0 |       0 |      27 |   0.0 |   552
           D:2 |       0 |      82 |   0.0 |       0 |      17 |   0.0 |   428
           D:3 |       0 |      31 |   0.0 |       0 |      18 |   0.0 |   542
           D:4 |       0 |      42 |   0.0 |       0 |       1 |   0.0 |    91
               +---------+---------+-------+---------+---------+-------+---------
